 Seeded DCSS version 0.30-a0-930-gb9d0489357 (webtiles) character file.

Game seed: 3125986916090331667 (custom seed)

5352 Parcival the Unseen (level 10, -1/60 HPs)
             Began as a Kobold Brigand on Mar 23, 2023.
             Slain by a two-headed ogre
             ... wielding a +0 giant spiked club
              (13 damage)
             ... on level 9 of the Dungeon.
             The game lasted 00:19:15 (8571 turns).

Parcival the Unseen (Kobold Brigand)                Turns: 8571, Time: 00:19:16

Health: -1/60      AC: 13    Str: 17    XL:     10   Next: 97%
Magic:  0/10       EV: 12    Int: 12    God:
Gold:   915        SH:  0    Dex: 26    Spells: 9/9 levels left

rFire   . . .      SeeInvis .    f - +9 quick blade "Wossoisane" {freeze, Dex+4 Stlth+}
rCold   . . .      Faith    .    (no shield)
rNeg    . . .      Spirit   +    s - +1 chain mail of Supple Strength {Harm Str+3}
rPois   .          Reflect  .    (no helmet)
rElec   .          Rampage  .    c - +1 cloak
rCorr   .          Harm     + .  (no gloves)
Will    .....                    (no boots)
Stlth   ++++++                   t - amulet of guardian spirit
HPRegen 0.30/turn                g - +6 ring of strength
MPRegen 0.12/turn                (no ring)

@: studying Throwing
A: small, no large weapons, nightstalker 3
a: no special abilities


You were on level 9 of the Dungeon.
You visited 2 branches of the dungeon, and saw 10 of its levels.

You collected 915 gold pieces.

Inventory:

Hand Weapons
 a - a +4 vampiric dagger
 f - the +9 quick blade "Wossoisane" (weapon) {freeze, Dex+4 Stlth+}
   (You acquired it on level 1 of the Dungeon)

   Dex:       It affects your dexterity (+4).
   Stlth:     It makes you more stealthy.
 A - a +4 quarterstaff of chaos
Missiles
 d - 32 poisoned darts (quivered)
 e - 5 curare-tipped darts
Armour
 b - a +0 robe
 c - a +1 cloak (worn)
 s - the +1 chain mail of Supple Strength (worn) {Harm Str+3}
   (You found it on level 3 of the Dungeon)

   Str:       It affects your strength (+3).
   Harm:      It increases damage dealt and taken.
Jewellery
 g - a +6 ring of strength (left hand)
 k - an amulet of magic regeneration
 n - a ring of wizardry
 q - an amulet of reflection
 t - an amulet of guardian spirit (around neck)
 y - a ring of magical power
Wands
 l - a wand of flame (22)
Scrolls
 i - 2 scrolls of teleportation
 B - a scroll of poison {unknown}
Potions
 h - 3 potions of heal wounds
 j - 2 potions of degeneration
 o - a potion of resistance
 p - 2 potions of lignification
 r - a potion of curing
 u - a potion of brilliance
 v - a potion of ambrosia
 w - a potion of cancellation {unknown}
 x - 2 potions of haste {unknown}
 z - 2 potions of attraction {unknown}
Miscellaneous
 m - a condenser vane


   Skills:
 + Level 5.9 Fighting
 + Level 8.8 Short Blades
 + Level 2.4 Throwing
 + Level 6.0 Armour
 + Level 4.1 Dodging
 + Level 15.3 Stealth


You had 9 spell levels left.
You didn't know any spells.
Your spell library contained the following spells:

 Spells                   Type           Power      Damage    Failure   Level
 Sandblast                Erth           0%         2d4       99%         1
 Summon Small Mammal      Summ           0%         N/A       99%         1
 Ensorcelled Hibernation  Hex/Ice        0%         N/A       99%         2
 Passwall                 Tmut/Erth      0%         N/A       99%         2
 Sublimation of Blood     Necr           0%         N/A       99%         2
 Call Canine Familiar     Summ           0%         N/A       100%        3
 Inner Flame              Hex/Fire       0%         N/A       100%        3
 Portal Projectile        Hex/Tloc       0%         N/A       100%        3
 Stone Arrow              Conj/Erth      0%         3d7       100%        3
 Summon Guardian Golem    Hex/Summ       0%         N/A       100%        3
 Swiftness                Air            0%         N/A       100%        3
 Flame Wave               Conj/Fire      0%         2d4       100%        4
 Leda's Liquefaction      Hex/Erth       0%         N/A       100%        4
 Petrify                  Tmut/Erth      0%         N/A       100%        4
 Sticky Flame             Conj/Fire      0%         2d3       100%        4
 Irradiate                Conj/Tmut      0%         3d11      100%        5


Dungeon Overview and Level Annotations

Branches:
Dungeon (9/15)             Temple (1/1) D:5
   Lair: D:8-11         Orc: D:9-12

Altars:
Ashenzari
Cheibriados
Dithmenos
Elyvilon
Fedhas
Gozag
Hepliaklqana
Kikubaaqudgha
Makhleb
Nemelex Xobeh
Okawaru
Qazlal
Ru
Sif Muna
Trog
Uskayaw
Vehumet
Xom
Yredelemnul
Zin
The Shining One

Shops:
D:3 :   D:5 (**?   D:7 :


Innate Abilities, Weirdness & Mutations

You are small and have problems with some larger weapons.
You are completely attuned to the shadows.


Message History

You kill the gnoll!
You hit the gnoll sergeant but do no damage.
The gnoll sergeant is severely wounded.
The two-headed ogre hits you with a +0 giant spiked club!
The two-headed ogre misses you.
You hit the gnoll sergeant. You freeze the gnoll sergeant.
The gnoll sergeant is almost dead.
The gnoll closely misses you. The gnoll barely misses you.
The gnoll sergeant closely misses you.
You hit the gnoll sergeant but do no damage.
The gnoll sergeant is almost dead.
You hit the gnoll sergeant. You freeze the gnoll sergeant.
You kill the gnoll sergeant!
Your Armour skill increases to level 6!
You barely miss the gnoll. You puncture the gnoll! You freeze the gnoll.
You kill the gnoll!
The two-headed ogre barely misses you. The two-headed ogre closely misses you.
The gnoll hits you with a +0 club.
* * * LOW HITPOINT WARNING * * *
Items here: ))) †.
You hit the two-headed ogre but do no damage.
The two-headed ogre hits you with a +0 giant spiked club.
* * * LOW HITPOINT WARNING * * *
The two-headed ogre hits you with a +0 dire flail.
* * * LOW HITPOINT WARNING * * *
You puncture the gnoll! You freeze the gnoll.
The gnoll is almost dead.
You puncture the gnoll! You freeze the gnoll.
You kill the gnoll!
Okay, then.
You hit the two-headed ogre. You freeze the two-headed ogre.
The two-headed ogre is lightly wounded.
You hit the two-headed ogre. You freeze the two-headed ogre.
The two-headed ogre is moderately wounded.
You puncture the two-headed ogre! You freeze the two-headed ogre.
The two-headed ogre is heavily wounded.
The two-headed ogre completely misses you.
The two-headed ogre hits you with a +0 dire flail!
You die...

#######'## #.#
###.# ###...#
#...###
####'#########
......<......#
........O)...#
........@)...+
.........)...#
.............#
.............#
##############


You could see a two-headed ogre.

Vanquished Creatures
  An ogre mage (D:8)
  A troll (D:6)
  A wraith (D:7)
  A wyvern (D:8)
  2 steam dragons (D:7)
  4 water moccasins
  3 black bears
  4 orc warriors
  2 ice beasts
  An ogre (D:5)
  A sky beast (D:6)
  3 centaurs
  3 kobold brigands
  3 bullfrogs
  A gnoll sergeant (D:9)
  6 scorpions
  5 wights (D:8)
  5 killer bees (D:8)
  A hound (D:6)
  5 jellies
  5 orc priests
  Crazy Yiuf (D:7)
  4 iguanas
  A sleepcap (D:4)
  Natasha (thrice) (D:2)
  10 orc wizards
  6 gnolls
  7 adders
  3 white imps (D:6)
  A worm (D:2)
  2 dart slugs
  31 orcs
  7 endoplasms
  2 giant cockroaches
  5 hobgoblins
  4 jackals (D:4)
  18 kobolds
  4 quokkas
  9 ball pythons
  4 bats
  2 frilled lizards
  9 goblins
  4 rats
  A butterfly (D:1)
196 creatures vanquished.

Notes
Turn   | Place    | Note
-------+----------+-------------------------------------------
     0 | D:1      | Parcival the Kobold Brigand began the quest for the Orb.
     0 | D:1      | Reached XP level 1. HP: 12/12 MP: 1/1
    40 | D:1      | Identified a scroll of acquirement
    40 | D:1      | Acquired the +9 quick blade "Wossoisane" {freeze, Dex+4
                  | Stlth+}
   114 | D:1      | Reached XP level 2. HP: 17/17 MP: 2/2
   221 | D:1      | Reached skill level 6 in Stealth
   260 | D:1      | Reached XP level 3. HP: 11/21 MP: 3/3
  1065 | D:2      | Reached XP level 4. HP: 27/27 MP: 4/4
  1157 | D:2      | Noticed Natasha
  1162 | D:2      | Killed Natasha
  1436 | D:2      | Noticed Natasha
  1441 | D:2      | Killed Natasha
  1442 | D:2      | Reached skill level 7 in Stealth
  1442 | D:2      | Reached XP level 5. HP: 11/32 MP: 5/5
  2369 | D:2      | Acquired a manual of Throwing
  2444 | D:2      | Noticed Natasha
  2449 | D:2      | Killed Natasha
  2572 | D:3      | Found an iron altar of Okawaru.
  2652 | D:3      | Identified the +1 chain mail of Supple Strength {Harm
                  | Str+3}
  2719 | D:3      | Found Digoh's Book Boutique.
  3396 | D:4      | Reached skill level 8 in Stealth
  3414 | D:4      | Found a hazy altar of Hepliaklqana.
  3418 | D:4      | Noticed a water moccasin
  3426 | D:4      | Killed a water moccasin
  3427 | D:4      | Reached XP level 6. HP: 31/36 MP: 4/6
  3466 | D:4      | Reached skill level 9 in Stealth
  3581 | D:4      | Reached XP level 7. HP: 41/41 MP: 7/7
  3844 | D:4      | Acquired 543 gold pieces
  3988 | D:4      | Reached skill level 10 in Stealth
  4107 | D:4      | Reached skill level 1 in Armour
  4367 | D:5      | Entered Level 5 of the Dungeon
  4396 | D:5      | Found a staircase to the Ecumenical Temple.
  4418 | Temple   | Entered the Ecumenical Temple
  4527 | D:5      | Reached skill level 5 in Short Blades
  4527 | D:5      | Reached XP level 8. HP: 46/46 MP: 8/8
  4548 | D:5      | Reached skill level 11 in Stealth
  4764 | D:5      | Found Kuxiet's Assorted Antiques.
  4766 | D:5      | Found Tuexan's Magic Scroll Boutique.
  4766 | D:5      | Found Istewn's Weapon Boutique.
  4768 | D:5      | Found Keelodoj's General Store.
  4956 | D:5      | Reached skill level 12 in Stealth
  5117 | D:6      | Reached XP level 9. HP: 52/52 MP: 9/9
  5260 | D:6      | Reached skill level 13 in Stealth
  5566 | D:6      | Noticed a troll
  5569 | D:6      | Killed a troll
  6030 | D:7      | Found Jauttyss's Tremendous Tomes.
  6115 | D:7      | Reached skill level 14 in Stealth
  6115 | D:7      | Reached XP level 10. HP: 55/58 MP: 8/10
  6701 | D:7      | Found a runed translucent door.
  6704 | D:7      | Noticed Crazy Yiuf
  6709 | D:7      | Killed Crazy Yiuf
  6862 | D:7      | Reached skill level 5 in Fighting
  7122 | D:8      | Found a transporter.
  7260 | D:8      | Noticed an ogre mage
  7318 | D:8      | Found a sparkling altar of Nemelex Xobeh.
  7558 | D:8      | Reached skill level 15 in Stealth
  7636 | D:8      | Found a large runed translucent door.
  7637 | D:8      | Found a large runed translucent door.
  7910 | D:8      | Found a glowing golden altar of the Shining One.
  8042 | D:8      | Found a shadowy altar of Dithmenos.
  8045 | D:8      | Found a shimmering altar of Xom.
  8057 | D:8      | Reached skill level 5 in Armour
  8235 | D:8      | Killed an ogre mage
  8461 | D:8      | Found a transporter.
  8547 | D:9      | Noticed a two-headed ogre
  8571 | D:9      | Slain by a two-headed ogre

Illustrated notes

Levels and vault maps discovered:
D:1:      amcnicky_arrival_single_pillar, layout_loops_cross,
          hangedman_glass_garden
D:2:      layout_loops_ring, dk_vineyard_1, uniq_natasha
D:3:      layout_basic, mainiacjoe_overflow_catwalk, serial_forest,
          infiniplex_forest_zigzag_1, infiniplex_forest_split,
          infiniplex_forest_end_double, infiniplex_forest_lined_room_,
          infiniplex_forest_corner_1, infiniplex_forest_lined_room_2,
          serial_shops, nicolae_shop_hallway_stairs
D:4:      layout_basic, old_standard_altar
D:5:      layout_rooms, minmay_temple_entry_drinking_statues,
          minmay_shop_grid_forest
D:6:      layout_rooms, lemuel_tele_altar, minmay_microvault
D:7:      layout_basic, minmay_misc_feat_hallway, nicolae_shop_i_like_big_books,
          chequers_serial_rivers_large_a, uniq_crazy_yiuf_cottage
D:8:      gammafunk_beogh_shrine, layout_basic,
          mainiacjoe_overflow_six_doors_small, jmf_multi_god_temple2,
          kennysheep_little_box, serial_curves, eino_curves_01, eino_curves_02
D:9:      layout_roguey, orc_0_dummy
Temple:   hellmonk_temple_of_storms

Skill      XL: |  1  2  3  4  5  6  7  8  9 10 |
---------------+-------------------------------+-----
Stealth        | 6 7 8 9 10 12 14 15 | 15.3
Short Blades   | 3 4 5 7 8 |  8.8
Dodging        | 2 3 4 |  4.1
Fighting       | 3 4 5 |  5.9
Armour         | 1 2 4 6 |  6.0
Throwing       | |  2.4

Action                     |  1- 3 |  4- 6 |  7- 9 | 10-12 || total
---------------------------+-------+-------+-------+-------++-------
  Melee: Quick blade       |    36 |    62 |   141 |   188 ||   427
         Dagger            |     2 |       |       |       ||     2
         Punch             |       |       |     2 |     1 ||     3
  Throw: Dart              |       |     1 |       |     1 ||     2
    Use: Scroll            |     3 |     9 |    10 |     3 ||    25
         Potion            |       |       |     1 |     1 ||     2
   Stab: Sleeping          |    15 |    18 |    19 |     7 ||    59
 Armour: Robe              |     3 |     1 |       |       ||     4
         Chain mail        |       |    16 |    50 |    35 ||   101
  Dodge: Dodged            |     7 |    11 |    50 |    54 ||   122

Table legend: (Time is in decaauts)
 A = Elapsed time spent in this place.
 B = Non-inter-level travel time spent in this place.
 C = Inter-level travel time spent in this place.
 D = Time resting spent in this place.
 E = Time spent auto-exploring this place.
 F = Levels seen in this place.
 G = Mean time per level.
                   A        B        C        D        E       F      G
               +--------+--------+--------+--------+--------+-----+--------+
         Total |   8354 |   7416 |    938 |    154 |   5912 |  10 |  835.4 |
       Dungeon |   8261 |   7339 |    922 |    154 |   5882 |   9 |  917.9 |
        Temple |     92 |     76 |     16 |      0 |     30 |   1 |   92.0 |
               +--------+--------+--------+--------+--------+-----+--------+

Top non-repeatable levels by time:
     D:2: 1724 daAuts
     D:8: 1350 daAuts
     D:7: 1203 daAuts
     D:4: 951 daAuts
     D:3: 836 daAuts
     D:1: 788 daAuts
     D:6: 740 daAuts
     D:5: 614 daAuts
  Temple: 92 daAuts
     D:9: 51 daAuts
